 Dungeon Crawl Stone Soup version 0.31-a0-963-ga325b2283a (webtiles) character file.

Game seed: 2312892488915161893

1693 Ahpoh the Carver (level 9, 69/69 HPs)
             Began as a Barachi Fighter on Oct 24, 2023.
             Quit the game on level 6 of the Dungeon.
             The game lasted 00:11:41 (5410 turns).

Ahpoh the Carver (Barachi Fighter)                  Turns: 5410, Time: 00:11:41

Health: 69/69      AC: 17    Str: 17    XL:     9   Next: 2%
Magic:  9/9        EV:  9    Int:  9    God:
Gold:   296        SH:  5    Dex: 16    Spells: 8/8 levels left

rFire   . . .        a - +0 long sword
rCold   . . .        c - +0 buckler
rNeg    . . .        y - +4 chain mail
rPois   .            l - +0 helmet
rElec   .            t - +0 cloak
rCorr   .            (no gloves)
SInv    .            (no boots)
Will    .....        (no amulet) Stlth
                     (no ring)
HPRegen 0.31/turn    (no ring)
MPRegen 0.11/turn

%: no passive effects
@: slow
A: amphibious, slowness 1, strong legs 1, +LOS
a: Hop


You were on level 6 of the Dungeon.
You visited 2 branches of the dungeon, and saw 7 of its levels.

You collected 296 gold pieces.

Inventory:

Hand Weapons
 a - a +0 long sword (weapon)
 z - a +2 dire flail of holy wrath
Missiles
 s - a throwing net
Armour
 c - a +0 buckler (worn)
 l - a +0 helmet (worn)
 t - a +0 cloak (worn)
 y - a +4 chain mail (worn)
Jewellery
 e - a ring of ice
Wands
 d - a wand of flame (12)
 r - a wand of mindburst (11)
Scrolls
 g - a scroll of immolation {unknown}
 h - 2 scrolls of vulnerability {unknown}
 j - a scroll of fear {unknown}
 k - a scroll of blinking {unknown}
 n - a scroll of fog {unknown}
 p - a scroll of enchant weapon {unknown}
 u - a scroll of teleportation {unknown}
 x - a scroll of amnesia {unknown}
Potions
 f - a potion of might
 i - a potion of mutation
 m - a potion of brilliance
 o - a potion of lignification
 v - a potion of resistance
 w - a potion of magic {unknown}


   Skills:
 * Level 6.0 Fighting
 * Level 8.7 Long Blades
 * Level 7.3 Armour
 * Level 4.0 Dodging
 - Level 0.1 Stealth
 * Level 5.5 Shields


You had 8 spell levels left.
You didn't know any spells.
Your spell library contained the following spells:

 Spells                   Type           Power      Damage    Failure   Level
 Necrotise                Necr           0%         1d4       99%         1
 Slow                     Hex            0%         N/A       99%         1
 Confusing Touch          Hex            0%         N/A       100%        3
 Sigil of Binding         Hex            0%         N/A       100%        3
 Vampiric Draining        Necr           0%         2d6       100%        3
 Volatile Blastmotes      Fire/Tloc      0%         2d10      100%        3
 Animate Armour           Summ/Erth      0%         N/A       100%        4
 Fulminant Prism          Conj/Hex       0%         3d5       100%        4
 Iskenderun's Mystic Bla  Conj/Tloc      0%         2d3       100%        4
 Summon Lightning Spire   Summ/Air       0%         N/A       100%        4
 Lee's Rapid Deconstruct  Erth           0%         3d4*      100%        5
 Chain Lightning          Conj/Air       0%         N/A       100%        9
 Fire Storm               Conj/Fire      0%         5d1       100%        9
 Shatter                  Erth           0%         3d5*      100%        9


Dungeon Overview and Level Annotations

Branches:
Dungeon (6/15)             Temple (1/1) D:6

Altars:
Ashenzari
Dithmenos
Elyvilon
Gozag
Kikubaaqudgha
Okawaru
Qazlal
Sif Muna
Trog
Uskayaw
Vehumet
Xom
The Shining One

Shops:
D:2 (

Annotations:
D:4 1 runed translucent door, Runia's ghost, amateur MfIE
D:5 2 transporters, justen's ghost, novice DrSh


Innate Abilities, Weirdness & Mutations

You are amphibious.
You cover ground slowly.
You can hop short distances.
You have an extended range of vision and can be seen from far away.


Message History

There is a staircase back to the Dungeon here.
Found a shimmering altar of Xom.
There is a shimmering altar of Xom here.
Found an iron altar of Okawaru.
There is an iron altar of Okawaru here.
Found a hide-covered altar of Uskayaw.
There is a hide-covered altar of Uskayaw here.
Found a bloodstained altar of Trog.
There is a bloodstained altar of Trog here.
Found a broken altar of Ashenzari.
There is a broken altar of Ashenzari here.
There is a broken altar of Ashenzari here.
Found a stormy altar of Qazlal.
There is a stormy altar of Qazlal here.
Found an ancient bone altar of Kikubaaqudgha.
There is an ancient bone altar of Kikubaaqudgha here.
Found an opulent altar of Gozag.
There is an opulent altar of Gozag here.
Found a radiant altar of Vehumet.
There is an ancient bone altar of Kikubaaqudgha here.
There is an ancient bone altar of Kikubaaqudgha here.
There is a stormy altar of Qazlal here.
There is a stormy altar of Qazlal here.
There is an ancient bone altar of Kikubaaqudgha here.
There is an ancient bone altar of Kikubaaqudgha here.
There is an opulent altar of Gozag here.
There is an opulent altar of Gozag here.
There is a radiant altar of Vehumet here.
Found a shadowy altar of Dithmenos.
There is a shadowy altar of Dithmenos here.
There is a staircase back to the Dungeon here.
There is a staircase back to the Dungeon here.
You climb upwards.
Welcome back to the Dungeon!
There is a staircase to the Ecumenical Temple here.
An orc comes into view. It is wielding a +0 short sword.
The orc shouts!
You hear a shout!
An orc comes into view. It is wielding a +0 dagger.
You hear a shout!
Unknown command.
Are you sure you want to abandon this character and quit the game? (Confirm with "yes".)

##....#.............
.....#...#...##....
....... #..#####..
##.....####.####...
#..##...#..........
#.##...#..##......
#..<...)..# #.....
#.>....#..# .....
#@#######.... ...$
#...# ##........
....## ......>.
##...# ........
...## ....... ....
....#. ...#. ....#
..o### o..#


You could see 2 orcs.

Vanquished Creatures
  Pikel (D:4)
  Sigmund (D:2)
  Edmund (D:5)
  2 black bears
  A lemure (D:4)
  3 scorpions (D:5)
  4 hounds
  A sleepcap (D:5)
  3 orc priests
  A jelly (D:5)
  Jessica (D:2)
  An iguana (D:5)
  Ijyb (D:4)
  4 orc wizards
  3 gnolls (D:4)
  5 adders
  A white imp (D:4)
  4 worms
  3 dart slugs
  10 orcs
  5 ball pythons
  5 endoplasms
  5 giant cockroaches
  7 hobgoblins
  4 jackals (D:2)
  10 quokkas
  6 bats
  5 frilled lizards
  7 goblins
  7 kobolds
  4 rats
116 creatures vanquished.

Vanquished Creatures (others)
  An orc (D:2)
1 creature vanquished.

Grand Total: 117 creatures vanquished

Notes
Turn   | Place    | Note
-------+----------+-------------------------------------------
     0 | D:1      | Ahpoh the Barachi Fighter began the quest for the Orb.
     0 | D:1      | Reached XP level 1. HP: 18/18 MP: 1/1
   125 | D:1      | Reached XP level 2. HP: 15/25 MP: 2/2
   280 | D:1      | Reached skill level 3 in Long Blades
   593 | D:1      | Reached XP level 3. HP: 30/30 MP: 3/3
   613 | D:1      | You fall into a shaft and drop 1 floor!
   907 | D:2      | Noticed Sigmund
   914 | D:2      | Killed Sigmund
   915 | D:2      | Reached skill level 5 in Long Blades
   915 | D:2      | Reached skill level 1 in Dodging
   915 | D:2      | Reached XP level 4. HP: 29/37 MP: 4/4
   915 | D:2      | Reached XP level 5. HP: 33/42 MP: 5/5
  1051 | D:2      | Reached XP level 6. HP: 48/48 MP: 6/6
  1086 | D:2      | Found a faded altar of an unknown god.
  1438 | D:2      | Found Kawiecw's Weapon Emporium.
  1509 | D:3      | Identified the "Dyxuedit"
  1785 | D:3      | Noticed Jessica
  1820 | D:2      | Killed Jessica
  2092 | D:3      | Found a shimmering blue altar of Sif Muna.
  2790 | D:4      | Noticed a black bear
  2922 | D:4      | Noticed Ijyb
  2923 | D:4      | Found a runed translucent door.
  2923 | D:4      | Noticed Runia's ghost (amateur MfIE)
  2940 | D:4      | Killed Ijyb
  3092 | D:4      | Reached XP level 7. HP: 52/55 MP: 7/7
  3193 | D:4      | Reached skill level 6 in Long Blades
  3193 | D:4      | Reached skill level 5 in Armour
  3533 | D:4      | Noticed Pikel
  3561 | D:4      | Killed Pikel
  3562 | D:4      | Reached skill level 5 in Fighting
  3562 | D:4      | Reached skill level 7 in Long Blades
  3562 | D:4      | Reached skill level 5 in Shields
  3562 | D:4      | Reached XP level 8. HP: 14/62 MP: 8/8
  4262 | D:5      | Entered Level 5 of the Dungeon
  4337 | D:5      | Found a transporter.
  4337 | D:5      | Found a transporter.
  4349 | D:5      | Noticed justen's ghost (novice DrSh)
  4363 | D:5      | Identified the +7 dire flail of Valour {spect, Dex+3}
  4535 | D:5      | Found a white marble altar of Elyvilon.
  4714 | D:5      | Reached skill level 8 in Long Blades
  4774 | D:5      | Found a glowing golden altar of the Shining One.
  4825 | D:5      | Noticed Edmund
  4829 | D:5      | Killed Edmund
  5094 | D:5      | Reached XP level 9. HP: 68/69 MP: 9/9
  5212 | D:6      | Found a staircase to the Ecumenical Temple.
  5233 | Temple   | Entered the Ecumenical Temple
  5410 | D:6      | Quit the game

Illustrated notes

Levels and vault maps discovered:
D:1:      roderic_octagonal_star, layout_basic, serial_glass, glass_columns_a,
          glass_columns_b
D:2:      minmay_wonky_spiral, layout_basic, serial_shops, shop,
          shapermc_ecumenical_altar_mp_highgroup, st_stairs_5, uniq_sigmund
D:3:      layout_basic, led_sif_book, uniq_jessica
D:4:      layout_basic, hellmonk_ghost_happy_afterlife, uniq_ijyb, uniq_pikel
D:5:      layout_loops_ring, mainiacjoe_overflow_alcove_1, elyvilon_altar_5,
          gammafunk_ghost_smash, uniq_edmund
D:6:      layout_cave_pools, mainiacjoe_overflow_catwalk,
          nicolae_ru_the_path_less_chosen, minmay_temple_entry_proselytizer,
          uniq_menkaure
Temple:   hellmonk_temple_beads

Skill      XL: |  1  2  3  4  5  6  7  8  9 |
---------------+----------------------------+-----
Long Blades    | 3 5 7 8 |  8.7
Shields        | 4 5 |  5.5
Fighting       | 4 5 6 |  6.0
Armour         | 4 5 7 |  7.3
Dodging        | 1 2 3 4 |  4.0
Stealth        | |  0.1

Action                     |  1- 3 |  4- 6 |  7- 9 || total
---------------------------+-------+-------+-------++-------
  Melee: Long sword        |    91 |   175 |   205 ||   471
Ability: Hop               |       |     2 |       ||     2
  Evoke: Wand              |       |       |     4 ||     4
    Use: Potion            |     1 |       |     3 ||     4
         Scroll            |       |     2 |     4 ||     6
 Armour: Scale mail        |    95 |   177 |   132 ||   404
         Chain mail        |       |       |    13 ||    13
  Dodge: Dodged            |    65 |    72 |    87 ||   224
  Block: Buckler           |    37 |    58 |    44 ||   139

Table legend: (Time is in decaauts)
 A = Elapsed time spent in this place.
 B = Non-inter-level travel time spent in this place.
 C = Inter-level travel time spent in this place.
 D = Time resting spent in this place.
 E = Time spent auto-exploring this place.
 F = Levels seen in this place.
 G = Mean time per level.
                   A        B        C        D        E       F      G
               +--------+--------+--------+--------+--------+-----+--------+
         Total |   6224 |   6142 |     82 |    513 |   3540 |   7 |  889.1 |
       Dungeon |   6016 |   5934 |     82 |    513 |   3540 |   6 | 1002.7 |
        Temple |    208 |    208 |      0 |      0 |      0 |   1 |  208.0 |
               +--------+--------+--------+--------+--------+-----+--------+

Top non-repeatable levels by time:
     D:4: 1556 daAuts
     D:3: 1489 daAuts
     D:5: 1065 daAuts
     D:1: 947 daAuts
     D:2: 919 daAuts
  Temple: 208 daAuts
     D:6: 38 daAuts
